cohdb
Replays
Latest Replays
All Replays
Popular Replays
Top Player Replays
Match Explorer
How It Works
Community
CoH3 Stats
Reddit
Sign in to upload your games and track your stats! →
Sign in with Steam
Match 45137892
Unlisted
Match 45137892
Overview
Messages
Build Orders
End
Engineer Squad
Construct Barracks
Riflemen Squad
Riflemen Squad
Construct Weapon Support Center
Bazooka Squad
Selects Advanced Infantry Battlegroup
Riflemen Squad
Selects Convert to Ranger Squad
Mechanized Support Center
Selects Frontline Medical Station
Frontline Medical Station
Designate Forward Repair Station
Construct Motor Pool
M8 Greyhound Armored Car
AI Takeover
26 letters
badger2
Nester
Alika-v
我小叮当今晚要搞事!
C.R575
新年辞旧喜洋洋
BEERMAN
0
0
Comments
sign in to comment!
No comments posted yet!